 Dungeon Crawl Stone Soup version 0.24.0 (webtiles) character file.

Game seed: 15691759514553110912, levelgen mode: deterministic

389 Buxparty the Covered (level 6, -7/39 HPs)
             Began as a Gargoyle Fighter on Mar 21, 2020.
             Mangled by an iguana (10 damage)
             ... on level 4 of the Dungeon.
             The game lasted 00:06:39 (3484 turns).

Buxparty the Covered (Gargoyle Fighter)             Turns: 3484, Time: 00:06:39

Health: -7/39      AC: 11    Str: 27    XL:     6   Next: 79%
Magic:  6/6        EV:  8    Int:  8    God:
Gold:   210        SH: 10    Dex:  9    Spells: 5/5 levels left

rFire    . . .     SeeInvis .   a - +0 long sword
rCold    . . .     Gourm    .   c - +0 shield
rNeg     + . .     Faith    .   b - +0 scale mail
rPois    ∞         Spirit   .   (no helmet)
rElec    +         Reflect  .   (no cloak)
rCorr    .         Harm     .   (no gloves)
MR       .....                  (no boots)
Stlth    ..........             (no amulet)
HPRegen  0.13/turn              (no ring)
MPRegen  0.10/turn              (no ring)

@: mighty, slowed, very slow
A: negative energy resistance 1, electricity resistance, unbreathing,
petrification resistance, rot immunity, AC +4
a: no special abilities


You were on level 4 of the Dungeon.
You were not hungry.

You visited 1 branch of the dungeon, and saw 4 of its levels.

You collected 210 gold pieces.

Inventory:

Hand Weapons
 a - a +0 long sword (weapon)
Armour
 b - a +0 scale mail (worn)
 c - a +0 shield (worn)
Jewellery
 g - a +1 ring of protection {unknown}
Scrolls
 h - 4 scrolls of identify {unknown}
 i - 3 scrolls of teleportation {unknown}
 j - 2 scrolls of enchant weapon {unknown}
 l - 3 scrolls of immolation {unknown}
 p - 2 scrolls of noise {unknown}
Potions
 e - a potion of curing {unknown}
 k - a potion of ambrosia {unknown}
 m - a potion of resistance {unknown}
 n - a potion of mutation {unknown}
 o - a potion of cancellation {unknown}
 q - a potion of haste
Comestibles
 f - 8 rations


   Skills:
 + Level 4.6 Fighting
 * Level 4.2 Long Blades
 + Level 4.6 Armour
 + Level 4.6 Shields


You had 5 spell levels left.
You didn't know any spells.
Your spell library was empty.

Dungeon Overview and Level Annotations

Branches:
Dungeon (4/15)
 Temple: D:4-7

Altars:
Ashenzari
Elyvilon
Qazlal
Trog
Uskayaw
Xom

Annotations:
D:2 Sigmund
D:3 2 transporters, felly21's ghost, novice DsFi


Innate Abilities, Weirdness & Mutations

You are resistant to torment.
Your stone body is resilient. (AC +4)
You are immune to poison.
You resist negative energy. (rN+)
You are resistant to electric shocks. (rElec)
You can survive without breathing.
You are immune to petrification.
You are immune to rotting.


Message History

You block the iguana's attack.
You closely miss the iguana.
The iguana is moderately wounded.
The orc wizard points at you and mumbles some strange words.
You feel as though you will be slow longer.
The orc wizard hits you but does no damage.
The iguana bites you!
* * * LOW HITPOINT WARNING * * *
The orc wizard hits you but does no damage.
The iguana bites you but does no damage.
You block the orc wizard's attack.
You feel very mighty all of a sudden. The iguana bites you.
* * * LOW HITPOINT WARNING * * *
The orc wizard mumbles some strange words.
The orc wizard blinks!
You block the iguana's attack.
You barely miss the iguana.
The iguana is moderately wounded.
The iguana bites you!
You die...

....#######
#.........>
#.......o..
#..........
#..........
#...>......
#..........
####+####..@l......
#........)[#+######
.....#..........+
.....#.....$....#
.....#..........#
.....#..........#
.....#..........#
.....#..........#
.....#..........#


You could see an iguana and an orc wizard.

Vanquished Creatures
  Menkaure (D:4)
  A howler monkey (D:4)
  Crazy Yiuf (D:2)
  An orc priest (D:3)
  An orc wizard (D:3)
  A gnoll (D:1)
  5 adders
  An ooze (D:1)
  2 worms (D:3)
  2 dart slugs
  2 leopard geckos
  8 orcs
  4 giant cockroaches
  9 goblins
  3 hobgoblins
  4 jackals (D:2)
  2 quokkas
  5 bats
  A frilled lizard (D:2)
  A jackal skeleton (D:4)
  9 kobolds
  9 rats
73 creatures vanquished.

Notes
Turn   | Place    | Note
-------+----------+-------------------------------------------
     0 | D:1      | Buxparty the Gargoyle Fighter began the quest for the Orb.
     0 | D:1      | Reached XP level 1. HP: 14/14 MP: 1/1
    58 | D:1      | Reached XP level 2. HP: 4/19 MP: 2/2
   558 | D:1      | Reached XP level 3. HP: 23/23 MP: 3/3
   722 | D:1      | Found a radiant altar of Vehumet.
   724 | D:1      | Found a bloodstained altar of Trog.
   724 | D:1      | Found a bloodstained altar of Trog.
   727 | D:1      | Found a white marble altar of Elyvilon.
   727 | D:1      | Found a shimmering altar of Xom.
   727 | D:1      | Found a hide-covered altar of Uskayaw.
   906 | D:2      | Noticed Sigmund
  1081 | D:2      | Reached XP level 4. HP: 29/29 MP: 4/4
  1637 | D:2      | Found a runed translucent door.
  1638 | D:2      | Noticed Crazy Yiuf
  1654 | D:2      | Killed Crazy Yiuf
  1654 | D:2      | Reached XP level 5. HP: 8/33 MP: 0/5
  2496 | D:3      | Found a transporter.
  2499 | D:3      | Noticed felly21's ghost (novice DsFi)
  2513 | D:3      | Found a transporter.
  2820 | D:3      | Found a stormy altar of Qazlal.
  2881 | D:3      | Reached XP level 6. HP: 33/38 MP: 6/6
  2901 | D:3      | Found a shattered altar of Ashenzari.
  3004 | D:4      | Noticed Menkaure
  3142 | D:4      | Killed Menkaure
  3484 | D:4      | Mangled by an iguana

Levels and vault maps discovered:
D:1:      tarquinn_simple_flora_water_f, layout_loops_cross, doesnt_xom_only_xom
D:2:      layout_rooms, first_ration, serial_forest, infiniplex_forest_fountain,
          infiniplex_forest_lined_2, infiniplex_forest_end_2,
          infiniplex_forest_lined_3_way, infiniplex_forest_end_1,
          infiniplex_forest_straight_4, infiniplex_forest_lined_2,
          infiniplex_forest_end_3, infiniplex_forest_lined_4_way, uniq_sigmund,
          uniq_crazy_yiuf_cottage
D:3:      layout_basic, cheibrodos_ashenzari_chains, gammafunk_ghost_stat_death,
          minmay_misc_feat_hallway, nicolae_qazlal_eye_of_the_storm
D:4:      layout_gridville, uniq_menkaure
